 Dungeon Crawl Stone Soup version 0.28-a0-1638-g9123634e07 (webtiles) character file.

Game seed: 15628084117389559278

190 croobank the Firebug (level 5, -7/38 HPs)
             Began as a Draconian Fire Elementalist on Jan 26, 2022.
             Mangled by a gnoll shaman (9 damage)
             ... on level 4 of the Dungeon.
             The game lasted 00:13:22 (3286 turns).

croobank the Firebug (Draconian Fire Elementalist)  Turns: 3286, Time: 00:13:23

Health: -7/38      AC:  5    Str: 11    XL:     5   Next: 41%
Magic:  0/9        EV: 12    Int: 17    God:
Gold:   147        SH:  0    Dex: 11    Spells: 2/9 levels left

rFire   . . .      SeeInvis .   a - +0 whip
rCold   . . .      Faith    .   (no shield)
rNeg    . . .      Spirit   .   (armour unavailable)
rPois   .          Reflect  .   (helmet restricted)
rElec   .          Harm     .   (no cloak)
rCorr   .          Rampage  .   (no gloves)
Will    .....                   (no boots)
Stlth   +.........              (no amulet)
HPRegen 0.12/turn               (no ring)
MPRegen 0.11/turn               (no ring)

@: lit by a corona, glowing
A: AC +5, unfitting armour, cold-blooded
a: no special abilities


You were on level 4 of the Dungeon.
You visited 1 branch of the dungeon, and saw 4 of its levels.

You collected 147 gold pieces.

Inventory:

Hand Weapons
 a - a +0 whip (weapon)
 b - a +0 hunting sling
 q - a +0 flail
Missiles
 c - 164 stones
 e - 36 arrows
 g - 69 sling bullets
 k - a throwing net
Scrolls
 d - 3 scrolls of teleportation
 i - a scroll of fog {unknown}
 l - a scroll of noise {unknown}
 m - a scroll of holy word {unknown}
 o - a scroll of enchant armour {unknown}
 r - a scroll of magic mapping {unknown}
Potions
 f - a potion of lignification
 h - a potion of magic {unknown}
 j - a potion of flight {unknown}
 n - a potion of resistance {unknown}
 p - a potion of invisibility {unknown}


   Skills:
 + Level 2.7 Dodging
 + Level 3.0 Stealth
 + Level 2.9 Spellcasting
 + Level 2.3 Conjurations
 + Level 3.8 Fire Magic


You had 2 spell levels left.
You knew the following spells:

 Your Spells              Type           Power      Damage    Failure   Level
a - Foxfire               Conj/Fire      52%        2x1d6     4%          1
b - Scorch                Fire           30%        2d7       5%          2
c - Flame Wave            Conj/Fire      13%        2d6       43%         4

Your spell library contained the following spells:

 Spells                   Type           Power      Damage    Failure   Level
 Corpse Rot               Necr/Air       4%         N/A       26%         2
 Conjure Flame            Conj/Fire      13%        6-21      14%         3
 Inner Flame              Hex/Fire       9%         N/A       24%         3
 Dispel Undead            Necr           2%         3d7       87%         4
 Death Channel            Necr           1%         N/A       100%        6


Dungeon Overview and Level Annotations

Branches:
Dungeon (4/15)
 Temple: D:4-7

Altars:
Ashenzari


Innate Abilities, Weirdness & Mutations

Your plain brown scales are hard. (AC +5)
You cannot fit into any form of body armour.
You are cold-blooded and may be slowed by cold attacks.


Message History

You don't have enough magic to cast this spell.
Casting: Foxfire (safe; 4% risk of failure)
Confirm with . or Enter, or press ? or * to list all spells.
You miscast Foxfire.
You are very lightly contaminated with residual magic.
Nothing appears to happen.
The gnoll shaman closely misses you.
The gnoll shaman mumbles some strange prayers to its god against you.
You are outlined in light.
The gnoll shaman barely misses you.
You hit the gnoll shaman but do no damage.
The gnoll shaman is heavily wounded.
The gnoll shaman hits you with a +0 spear.
You hit the gnoll shaman.
You tail-slap the gnoll shaman, but do no damage.
The gnoll shaman is severely wounded.
The gnoll shaman prays to its god.
The gnoll shaman is healed somewhat.
You hit the gnoll shaman.
The gnoll shaman is severely wounded.
The gnoll shaman hits you with a +0 spear.
You hit the gnoll shaman but do no damage.
The gnoll shaman is severely wounded.
The gnoll shaman hits you with a +0 spear!
Your magical contamination has completely faded away.
You barely miss the gnoll shaman.
The gnoll shaman is severely wounded.
The gnoll shaman hits you with a +0 spear!
* * * LOW HITPOINT WARNING * * *
Okay, then.
Casting: Foxfire (safe; 4% risk of failure)
Confirm with . or Enter, or press ? or * to list all spells.
You conjure some foxfire!
The gnoll shaman hits you with a +0 spear.
* * * LOW HITPOINT WARNING * * *
The foxfire hits the gnoll shaman.
The gnoll shaman is severely wounded.
The foxfire hits the gnoll shaman.
The gnoll shaman is almost dead.
The gnoll shaman hits you from afar with a +0 spear!
You die...

#>...........#
#......).....#
#............#
#......).....#
#....).<######
#.......#
#....g..#
#.......+
#....@ยง.#
+............
#.......#####
#.......#
#.......#
#########


You could see a gnoll shaman.

Vanquished Creatures
  Robin (D:3)
  5 adders
  4 gnolls
  A worm (D:2)
  2 dart slugs
  2 orcs
  7 ball pythons
  4 bats
  6 endoplasms
  3 giant cockroaches
  16 goblins
  7 hobgoblins
  8 quokkas
  4 frilled lizards
  5 kobolds
  7 rats
82 creatures vanquished.

Vanquished Creatures (others)
  163 foxfires
163 creatures vanquished.

Grand Total: 245 creatures vanquished

Notes
Turn   | Place    | Note
-------+----------+-------------------------------------------
     0 | D:1      | croobank the Draconian Fire Elementalist began the quest
                  | for the Orb.
     0 | D:1      | Reached XP level 1. HP: 14/14 MP: 3/3
   117 | D:1      | Reached XP level 2. HP: 20/20 MP: 0/5
   120 | D:1      | Learned a level 2 spell: Scorch
   522 | D:1      | Reached XP level 3. HP: 26/26 MP: 0/6
  1356 | D:2      | Reached XP level 4. HP: 33/33 MP: 1/7
  1852 | D:2      | Learned a level 4 spell: Flame Wave
  2475 | D:3      | Reached XP level 5. HP: 38/38 MP: 0/9
  2476 | D:3      | Noticed Robin
  2493 | D:3      | Killed Robin
  2669 | D:3      | Found a broken altar of Ashenzari.
  3286 | D:4      | Mangled by a gnoll shaman

Illustrated notes

Levels and vault maps discovered:
D:1:      lemuel_arrival_room, layout_rooms
D:2:      layout_rooms
D:3:      layout_basic, cheibrodos_ashenzari_chains, serial_glass,
          glass_columns_a, glass_columns_c, glass_columns_b, glass_columns_b,
          glass_columns_c, uniq_robin
D:4:      layout_basic, mainiacjoe_overflow_alcove_1, lightli_temple_of_fire,
          minmay_manual_macuahuitl

Skill      XL: |  1  2  3  4  5 |
---------------+----------------+-----
Stealth        | 2 3 |  3.0
Dodging        | 2 |  2.7
Conjurations   | 2 |  2.3
Spellcasting   | |  2.9
Fire Magic     | |  3.8

Action                   |  1- 3 |  4- 6 || total
-------------------------+-------+-------++-------
Melee: Tailslap          |     2 |     3 ||     5
       Unarmed           |     2 |       ||     2
       Whip              |    12 |    38 ||    50
       Punch             |       |     1 ||     1
 Cast: Foxfire           |    46 |    48 ||    94
       Scorch            |    11 |    13 ||    24
  Use: Scroll            |     1 |     1 ||     2
Armor: Skin              |     7 |    13 ||    20
Dodge: Dodged            |    25 |    40 ||    65

Table legend: (Time is in decaauts)
 A = Elapsed time spent in this place.
 B = Non-inter-level travel time spent in this place.
 C = Inter-level travel time spent in this place.
 D = Time resting spent in this place.
 E = Time spent auto-exploring this place.
 F = Levels seen in this place.
 G = Mean time per level.
                   A        B        C        D        E       F      G
               +--------+--------+--------+--------+--------+-----+--------+
         Total |   3290 |   3198 |     92 |    450 |   2212 |   4 |  822.5 |
       Dungeon |   3290 |   3198 |     92 |    450 |   2212 |   4 |  822.5 |
               +--------+--------+--------+--------+--------+-----+--------+

Top non-repeatable levels by time:
     D:3: 1303 daAuts
     D:2: 991 daAuts
     D:1: 918 daAuts
     D:4: 77 daAuts
